 Dungeon Crawl Stone Soup version 0.27-a0-1281-ge233d83751 (webtiles) character file.

Game seed: 10522728716321472402

23 Delamore the Skirmisher (level 3, -1/30 HPs)
             Began as a Formicid Fighter on June 14, 2021.
             Slain by a gnoll (3 damage)
             ... on level 1 of the Dungeon.
             The game lasted 00:00:26 (770 turns).

Delamore the Skirmisher (Formicid Fighter)           Turns: 770, Time: 00:00:27

Health: -1/30      AC:  6    Str: 21    XL:     3   Next: 10%
Magic:  3/3        EV:  8    Int:  7    God:
Gold:   38         SH:  9    Dex: 10    Spells: 2/2 levels left

rFire    . . .     SeeInvis +   a - +0 trident
rCold    . . .     Faith    .   c - +0 kite shield
rNeg     . . .     Spirit   .   b - +0 scale mail
rPois    .         Reflect  .   (helmet unavailable)
rElec    .         Harm     .   (no cloak)
rCorr    .         Rampage  .   (no gloves)
Will     .....                  (no boots)
Stlth    ..........             (no amulet)
HPRegen  0.10/turn              (no ring)
MPRegen  0.08/turn              (no ring)

@: no status effects
A: permanent stasis, dig shafts and tunnels, antennae 3, four strong arms
a: Dig, Shaft Self


You were on level 1 of the Dungeon.
You visited 1 branch of the dungeon, and saw 2 of its levels.

You collected 38 gold pieces.

Inventory:

Hand Weapons
 a - a +0 trident (weapon)
Missiles
 f - 2 javelins
Armour
 b - a +0 scale mail (worn)
 c - a +0 kite shield (worn)
Jewellery
 e - an amulet of regeneration
Scrolls
 h - a scroll of magic mapping {unknown}
 i - a scroll of noise {unknown}
 j - a scroll of brand weapon {unknown}
 k - a scroll of summoning {unknown}
Potions
 d - a potion of might
 g - 2 potions of curing {unknown}


   Skills:
 + Level 3.7 Fighting
 * Level 3.0 Polearms
 - Level 3.2 Armour
 - Level 3.6 Shields


You had 2 spell levels left.
You didn't know any spells.
Your spell library was empty.

Dungeon Overview and Level Annotations

Branches:
Dungeon (2/15)

Altars:


Innate Abilities, Weirdness & Mutations

You cannot be hasted, slowed, berserked, paralysed or teleported.
You can dig through walls and to a lower floor.
You have a pair of large antennae on your head. (SInv)
Your four strong arms can wield two-handed weapons with a shield.


Message History

A gnoll comes into view. It is wielding a +0 spear.
You hit the gnoll.
The gnoll is severely wounded.
The gnoll hits you with a +0 club. The gnoll completely misses you.
You closely miss the gnoll.
The gnoll is severely wounded.
The gnoll hits you with a +0 club. You block the gnoll's attack.
You hit the gnoll.
You kill the gnoll!
The gnoll hits you with a +0 club. You block the hobgoblin's attack.
The gnoll hits you with a +0 club.
A quokka comes into view.
The gnoll hits you from afar with a +0 spear.
* * * LOW HITPOINT WARNING * * *
You have reached level 3!
Your experience leads to an increase in your attributes!
Increase (S)trength, (I)ntelligence, or (D)exterity?
You feel stronger.
There is a stone staircase leading up here.
You block the gnoll's attack. You block the hobgoblin's attack.
You climb upwards.
There is a stone staircase leading down here.
You puncture the hobgoblin!
You kill the hobgoblin!
Your Polearms skill increases to level 3!
You block the gnoll's attack.
Your shield prevents you from hitting the gnoll.
You block the gnoll's attack. The gnoll hits you but does no damage.
You barely miss the gnoll. The gnoll hits you with a +0 club.
* * * LOW HITPOINT WARNING * * *
You hit the gnoll but do no damage. The gnoll closely misses you.
You hit the gnoll.
The gnoll is moderately wounded.
The gnoll hits you with a +0 club.
* * * LOW HITPOINT WARNING * * *
You block the gnoll's attack.
You hit the gnoll but do no damage.
The gnoll is moderately wounded.
The gnoll hits you with a +0 club.
You die...

†.##......##.#..# #.##.#..######.
..........'.....# #.##.###.......
####......##.#..# #.##.###.......
.....†....##.#..# #.##...........
.###†.....##.#..###.######.......
.# #.....###.#...........'.......
.# #.....# #...####.######......#
.# #.....####..####.# ######## .#
#.....##...>g@...#
.###.....##.##.######
.....#.####.##.# .###.#.# ##.##.#
.# #.#.# #.....# .# #.#.#########
## #.#.....# #.#####.# #.......#


You could see a gnoll.

Vanquished Creatures
  A gnoll (D:2)
  An endoplasm (D:1)
  3 hobgoblins (D:1)
  3 jackals (D:1)
  A quokka (D:1)
  A frilled lizard (D:1)
  2 rats (D:1)
12 creatures vanquished.

Notes
Turn   | Place    | Note
-------+----------+-------------------------------------------
     0 | D:1      | Delamore the Formicid Fighter began the quest for the Orb.
     0 | D:1      | Reached XP level 1. HP: 18/18 MP: 1/1
   260 | D:1      | Reached XP level 2. HP: 17/24 MP: 2/2
   758 | D:2      | Reached XP level 3. HP: 9/30 MP: 3/3
   770 | D:1      | Slain by a gnoll

Illustrated notes

Levels and vault maps discovered:
D:1:      dpeg_arrival_tiny_a, layout_basic
D:2:      layout_loops_ring, minmay_misc_feat_tower

Skill      XL: |  1  2  3 |
---------------+----------+-----
Polearms       | 3 |  3.0
Fighting       | |  3.7
Armour         | |  3.2
Shields        | |  3.6

Action                   || total
-------------------------++-------
Melee: Trident           ||    40
Armor: Scale mail        ||    20
Dodge: Dodged            ||    18
Block: Kite shield       ||    30

Table legend: (Time is in decaauts)
 A = Elapsed time spent in this place.
 B = Non-inter-level travel time spent in this place.
 C = Inter-level travel time spent in this place.
 D = Time resting spent in this place.
 E = Time spent auto-exploring this place.
 F = Levels seen in this place.
 G = Mean time per level.
                   A        B        C        D        E       F      G
               +--------+--------+--------+--------+--------+-----+--------+
         Total |    785 |    743 |     42 |      0 |    656 |   2 |  392.5 |
       Dungeon |    785 |    743 |     42 |      0 |    656 |   2 |  392.5 |
               +--------+--------+--------+--------+--------+-----+--------+

Top non-repeatable levels by time:
     D:1: 773 daAuts
     D:2: 12 daAuts
